 Dungeon Crawl Stone Soup version 0.27-a0-604-g29a88b33a7 (webtiles) character file.

Game seed: 14187486270395823706

8935 ICC the Slicer (level 11, -2/56 HPs)
             Began as a Vine Stalker Fighter on Mar 12, 2021.
             Was a Follower of Cheibriados.
             Slain by a +1 broad axe of chaos (13 damage)
             ... on level 10 of the Dungeon.
             The game lasted 00:27:13 (7216 turns).

ICC the Slicer (Vine Stalker Fighter)               Turns: 7216, Time: 00:27:14

Health: -2/56      AC: 10    Str: 21    XL:     11   Next: 38%
Magic:  0/21       EV: 13    Int: 14    God:    Cheibriados [*.....]
Gold:   894        SH:  5    Dex: 18    Spells: 23/23 levels left

rFire    . . .     SeeInvis +   w - +3 scimitar (flame)
rCold    . . .     Faith    .   M - +0 buckler
rNeg     + . .     Spirit   +   b - +0 scale mail
rPois    .         Reflect  .   e - +0 helmet
rElec    .         Harm     .   (no cloak)
rCorr    .         Rampage  .   t - +0 pair of gloves
Will     +....                  (no boots)
Stlth    ..........             (no amulet)
HPRegen  1.18/turn              s - ring of see invisible
MPRegen  0.17/turn              O - ring of positive energy

@: very slow
A: fangs 3, regeneration 1, magic shield, antimagic bite, no potion heal 3
a: Renounce Religion, Bend Time


You were on level 10 of the Dungeon.
You worshipped Cheibriados.
Cheibriados was aware of your devotion.
You visited 2 branches of the dungeon, and saw 11 of its levels.
You also visited: Ossuary.

You collected 894 gold pieces.

Inventory:

Hand Weapons
 a - a +0 rapier
 w - a +3 scimitar of flaming (weapon)
Missiles
 j - 27 boomerangs (quivered)
 I - 4 curare-tipped darts
 N - 6 throwing nets
Armour
 b - a +0 scale mail (worn)
 e - a +0 helmet (worn)
 t - a +0 pair of gloves (worn)
 K - a +3 leather armour of positive energy
 M - a +0 buckler (worn)
Jewellery
 s - a ring of see invisible (right hand)
 J - a ring of ice
 L - a ring of wizardry
 O - a ring of positive energy (left hand)
Wands
 h - a wand of iceblast (7)
 m - a wand of acid (12)
 p - a wand of flame (44)
 E - a wand of polymorph (8)
 H - a wand of mindburst (20)
Scrolls
 c - 9 scrolls of identify {unknown}
 f - 7 scrolls of teleportation {unknown}
 i - 5 scrolls of amnesia {unknown}
 l - 2 scrolls of enchant armour {unknown}
 r - 3 scrolls of noise {unknown}
 u - 3 scrolls of blinking {unknown}
 y - a scroll of brand weapon {unknown}
 A - 2 scrolls of magic mapping {unknown}
 C - a scroll of random uselessness {unknown}
 D - a scroll of fear {unknown}
 F - 2 scrolls of immolation {unknown}
 G - 2 scrolls of fog {unknown}
Potions
 d - 3 potions of might
 g - 3 potions of mutation {unknown}
 k - 2 potions of lignification {unknown}
 n - 2 potions of flight {unknown}
 o - 2 potions of invisibility {unknown}
 q - 2 potions of curing
 v - 2 potions of brilliance {unknown}
 x - 3 potions of heal wounds {unknown}
 z - a potion of degeneration {unknown}
 B - 2 potions of haste {unknown}
 P - 2 potions of cancellation {unknown}


   Skills:
 + Level 5.9 Fighting
 * Level 8.9 Short Blades
 * Level 6.0 Throwing
 + Level 5.6 Armour
 + Level 5.5 Dodging
 * Level 3.9 Shields
 + Level 6.6 Spellcasting


You had 23 spell levels left.
You didn't know any spells.
Your spell library contained the following spells:

 Spells                   Type           Power      Damage    Failure   Level
 Corona                   Hex            4%         N/A       36%         1
 Ensorcelled Hibernation  Hex/Ice        8%         N/A       50%         2
 Confusing Touch          Hex            4%         N/A       75%         3
 Dazzling Flash           Conj/Hex       8%         N/A       75%         3
 Tukima's Dance           Hex            4%         N/A       75%         3


Dungeon Overview and Level Annotations

Branches:
Dungeon (10/15)            Temple (1/1) D:7            Lair (0/6) D:9
    Orc (0/2) D:9         Ossuary (visited)

Altars:
Ashenzari
Cheibriados
Dithmenos
Elyvilon
Fedhas
Gozag
Hepliaklqana
Kikubaaqudgha
Makhleb
Nemelex Xobeh
Okawaru
Qazlal
Ru
Sif Muna
Trog
Uskayaw
Vehumet
Wu Jian
Xom
Yredelemnul
Zin
The Shining One
Beogh

Shops:
D:7 [   D:9 =

Annotations:
D:10 paps's ghost, novice DsSu


Innate Abilities, Weirdness & Mutations

You have razor-sharp teeth.
Your natural rate of healing is unusually fast.
When hurt, damage is shared between your health and your magic reserves.
Your bite disrupts and absorbs the magic of your enemies.
Potions cannot restore your health.


Message History

Items here: ( ))) [[[ †††.
You see here a vampire mosquito corpse.
Found a runed translucent door.
Search for what [Enter for "!!carried && <> && <> >>", or ? for help]?
Annotate which branch? (. - D:10, ? - help, ! - show branch list)
Okay, then.
Search for what [Enter for "!!carried && <> && <> >>", or ? for help]?
Paps's ghost turns its malevolent gaze towards you.
Found a fine copper ring and a scroll labelled LIDDEESIZI.
Found a shimmering altar of Xom.
Paps's ghost keens inconsolably.
Press: ? - help, v - describe, . - travel
Here: paps's ghost, wielding a weapon of protection (fire blocked by a translucent stone wall)
The floor.
You open the door.
The +1 broad axe of chaos closely misses you.
You miss the +1 broad axe of chaos.
Your bite misses the +1 broad axe of chaos.
You block the +1 broad axe of chaos's attack.
You slash the +1 broad axe of chaos!
The +1 broad axe of chaos is moderately damaged.
The +1 broad axe of chaos hits you!
Paps's ghost casts a spell.
You closely miss the +1 broad axe of chaos.
You bite the +1 broad axe of chaos, but do no damage.
The +1 broad axe of chaos is moderately damaged.
The +1 broad axe of chaos hits you! The +1 broad axe of chaos freezes you.
Paps's ghost casts a spell.
The +1 broad axe of chaos hits you! The +1 broad axe of chaos burns you.
You barely miss the +1 broad axe of chaos.
Your bite misses the +1 broad axe of chaos.
The +1 broad axe of chaos is moderately damaged.
The +1 broad axe of chaos hits you!!
The +1 broad axe of chaos draws strength from your wounds!
You barely miss the +1 broad axe of chaos.
Your bite misses the +1 broad axe of chaos.
The +1 broad axe of chaos hits you!!
* * * LOW HITPOINT WARNING * * *
You are electrocuted!
You die...

.##### ...## ## .......
....# ....... .## #[...
....... ..## ##..#
....... ### ##...###..##
.......##.###......#.###
.......#b_.##...........
.......##'##............
#@(W.............. ##
###5#...........#. .#
#............... .##
##............## ..#
#...........## ..##
#.........### ...#
##.......## ...#
#.....### ...## ##..###


You could see an iron imp (summoned), a +1 broad axe of chaos, paps's ghost and
a bat (summoned).

Vanquished Creatures
  2 two-headed ogres
  The ghost of TimeIsEndless the Blocker, a novice FoFi of Okawaru (D:8)
  A deep elf pyromancer (D:10)
  A cyclops (D:10)
  An efreet (D:10)
  2 trolls
  Grum (D:8)
  A vampire mosquito (D:10)
  A water moccasin (D:10)
  3 sky beasts (D:9)
  2 orc warriors
  3 ice beasts
  2 black bears
  3 centaurs
  9 ogres
  2 wolves (D:8)
  A phantom (D:10)
  8 kobold brigands (D:8)
  2 gnoll sergeants (D:9)
  5 bullfrogs
  3 scorpions
  4 howler monkeys
  3 jellies
  7 hounds
  A centaur zombie (D:9)
  A bullfrog zombie (D:9)
  3 centaur skeletons
  7 orc priests
  A bullfrog skeleton (D:4)
  A gnoll shaman (D:9)
  2 iguanas
  9 orc wizards
  4 worker ants
  3 killer bee zombies
  A hound skeleton (D:9)
  9 mummies
  A howler monkey zombie (D:10)
  A worker ant zombie (D:9)
  Robin (D:1)
  5 adders
  14 gnolls
  A shadow imp (D:6)
  3 white imps
  2 ufetubi
  An adder zombie (D:5)
  3 adder skeletons
  3 worms
  A dart slug (D:3)
  7 leopard geckos
  42 orcs
  4 ball pythons
  13 bats
  8 giant cockroaches
  A gnoll zombie (Ossuary)
  14 goblins
  17 hobgoblins
  16 jackals
  9 kobolds
  7 quokkas
  10 frilled lizards
  4 hobgoblin zombies (Ossuary)
  2 jackal skeletons
  A kobold zombie (Ossuary)
  A leopard gecko skeleton (D:4)
  A leopard gecko zombie (D:3)
  2 orc zombies (Ossuary)
  2 quokka skeletons
  A quokka zombie (D:7)
  7 rats
315 creatures vanquished.

Vanquished Creatures (others)
  6 plants (D:6)
6 creatures vanquished.

Grand Total: 321 creatures vanquished

Notes
Turn   | Place    | Note
-------+----------+-------------------------------------------
     0 | D:1      | ICC the Vine Stalker Fighter began the quest for the Orb.
     0 | D:1      | Reached XP level 1. HP: 11/11 MP: 2/2
    37 | D:1      | Reached XP level 2. HP: 13/16 MP: 1/3
    57 | D:1      | Reached skill level 2 in Short Blades
   303 | D:1      | Reached XP level 3. HP: 15/19 MP: 5/5
   429 | D:1      | Reached skill level 1 in Spellcasting
   489 | D:2      | Noticed Robin
   540 | D:1      | Killed Robin
   541 | D:1      | Reached skill level 1 in Dodging
   679 | D:2      | Gained mutation: Your natural rate of healing is unusually
                  | fast. [Vine Stalker growth]
   679 | D:2      | Reached XP level 4. HP: 12/24 MP: 6/6
   681 | D:2      | Found a faded altar of an unknown god.
   929 | D:2      | You fall into a shaft and drop 1 floor!
  1297 | D:3      | Reached XP level 5. HP: 24/28 MP: 5/8
  1408 | D:3      | Noticed an ogre
  1423 | D:3      | Killed an ogre
  1424 | D:3      | Reached skill level 3 in Short Blades
  1567 | D:3      | Reached XP level 6. HP: 32/32 MP: 8/10
  2101 | D:4      | Reached skill level 4 in Short Blades
  2126 | D:4      | Reached XP level 7. HP: 35/36 MP: 9/12
  2545 | D:5      | Entered Level 5 of the Dungeon
  2798 | D:5      | Found a sand-covered staircase.
  2808 | Ossuary  | Entered an ossuary
  2875 | Ossuary  | Reached skill level 5 in Short Blades
  3194 | D:4      | Gained mutation: You have razor-sharp teeth. [Vine Stalker
                  | growth]
  3194 | D:4      | Reached XP level 8. HP: 25/40 MP: 7/14
  3809 | D:6      | Reached skill level 6 in Short Blades
  4259 | D:7      | Found Wokaant's Armour Boutique.
  4398 | D:7      | Reached XP level 9. HP: 36/45 MP: 13/17
  4426 | D:7      | Reached skill level 1 in Throwing
  4600 | D:7      | Found a staircase to the Ecumenical Temple.
  4608 | Temple   | Entered the Ecumenical Temple
  5053 | D:8      | Noticed Grum
  5077 | D:8      | Killed Grum
  5088 | D:8      | Reached skill level 5 in Spellcasting
  5110 | D:8      | Noticed TimeIsEndless's ghost (novice FoFi)
  5112 | D:8      | Found a runed translucent gate.
  5113 | D:8      | Found a runed translucent gate.
  5113 | D:8      | Found a runed translucent gate.
  5366 | D:8      | Reached skill level 7 in Short Blades
  5769 | D:8      | Killed TimeIsEndless's ghost
  5770 | D:8      | Reached skill level 5 in Fighting
  5770 | D:8      | Reached XP level 10. HP: 7/51 MP: 17/19
  5893 | D:9      | Found Againi Vaquz's Jewellery Emporium.
  6141 | D:9      | Reached skill level 8 in Short Blades
  6141 | D:9      | Reached skill level 5 in Armour
  6195 | D:9      | Found a staircase to the Orcish Mines.
  6271 | D:9      | Found a staircase to the Lair.
  6304 | D:9      | Reached skill level 5 in Dodging
  6344 | D:9      | Noticed a two-headed ogre
  6357 | D:9      | Killed a two-headed ogre
  6358 | D:9      | Reached skill level 5 in Throwing
  6466 | D:9      | Found a snail-covered altar of Cheibriados.
  6474 | D:9      | Became a worshipper of Cheibriados the Contemplative
  6810 | D:10     | Entered Level 10 of the Dungeon
  6934 | D:10     | Reached XP level 11. HP: 42/56 MP: 21/21
  7016 | D:10     | Reached * piety under Cheibriados
  7021 | D:10     | Noticed a two-headed ogre
  7033 | D:10     | Killed a two-headed ogre
  7103 | D:10     | Noticed a deep elf pyromancer
  7115 | D:10     | Killed a deep elf pyromancer
  7125 | D:10     | Noticed a cyclops
  7182 | D:10     | Killed a cyclops
  7200 | D:10     | Found a runed translucent door.
  7201 | D:10     | Found a shimmering altar of Xom.
  7201 | D:10     | Noticed paps's ghost (novice DsSu)
  7201 | D:10     | Noticed a +1 broad axe of chaos
  7216 | D:10     | Slain by a +1 broad axe of chaos

Illustrated notes

Levels and vault maps discovered:
D:1:      mrwooster_arrival_statue, layout_rooms
D:2:      layout_loops_ring, chequers_ecumenical_altar_simple_redux, uniq_robin
D:3:      layout_basic, minmay_circle_x
D:4:      layout_gridville, grunt_decor_mini_mirrors
D:5:      layout_basic, gup_ossuary_entry_pyramid
D:6:      layout_rooms, minmay_lizard_king
D:7:      layout_basic, minmay_temple_entry_ruins, serial_shops,
          nicolae_shop_crystal
D:8:      layout_loops_ring, gammafunk_ghost_nasty_kobolds, uniq_grum
D:9:      minmay_skewed_foursquare, layout_cave_pools, marbit_many_paths,
          lair_entry_dummy, minmay_orc_entry_temple_small, serial_gnoll_camp,
          gnoll_camp_mini_shop, gnoll_camp_medium_02, gnoll_camp_mini_hut,
          gnoll_camp_mini_hut
D:10:     layout_cave_pods, ebering_ghost_xom, kb_rosetta, uniq_joseph
Temple:   compressed_dpeg_circular_temple

Skill      XL: |  1  2  3  4  5  6  7  8  9 10 11 |
---------------+----------------------------------+-----
Short Blades   | 2 3 4 5 6 7 8 |  8.9
Fighting       | 3 4 5 |  5.9
Spellcasting   | 1 2 3 4 5 6 |  6.6
Dodging        | 1 2 3 4 5 |  5.5
Armour         | 3 4 5 |  5.6
Throwing       | 3 5 6 |  6.0
Shields        | 3 |  3.9

Action                   |  1- 3 |  4- 6 |  7- 9 | 10-12 || total
-------------------------+-------+-------+-------+-------++-------
Melee: Rapier            |   109 |   195 |   526 |   355 ||  1185
       Bite              |    35 |    66 |   168 |   160 ||   429
       Short sword       |     9 |       |       |       ||     9
       Scimitar          |       |       |       |    26 ||    26
Throw: Throwing net      |     1 |       |       |       ||     1
       Boomerang         |       |     4 |    57 |    24 ||    85
       Dart              |       |       |       |     4 ||     4
Evoke: Wand              |       |       |     1 |     5 ||     6
  Use: Potion            |       |       |     2 |       ||     2
 Stab: Held in net/web   |     1 |       |       |       ||     1
Armor: Scale mail        |    57 |    69 |   176 |   112 ||   414
Dodge: Dodged            |    78 |   133 |   287 |   187 ||   685
Block: Buckler           |       |       |       |    33 ||    33
       Rpst.: Scimitar   |       |       |       |     2 ||     2

Table legend: (Time is in decaauts)
 A = Elapsed time spent in this place.
 B = Non-inter-level travel time spent in this place.
 C = Inter-level travel time spent in this place.
 D = Time resting spent in this place.
 E = Time spent auto-exploring this place.
 F = Levels seen in this place.
 G = Mean time per level.
                   A        B        C        D        E       F      G
               +--------+--------+--------+--------+--------+-----+--------+
         Total |   7297 |   6968 |    329 |      0 |   4702 |  12 |  608.1 |
       Dungeon |   6945 |   6625 |    320 |      0 |   4495 |  10 |  694.5 |
        Temple |    106 |     97 |      9 |      0 |     97 |   1 |  106.0 |
       Ossuary |    245 |    245 |      0 |      0 |    110 |   1 |  245.0 |
               +--------+--------+--------+--------+--------+-----+--------+

Top non-repeatable levels by time:
     D:9: 991 daAuts
     D:5: 883 daAuts
     D:4: 858 daAuts
     D:8: 798 daAuts
     D:2: 691 daAuts
     D:7: 662 daAuts
     D:3: 553 daAuts
     D:1: 525 daAuts
     D:6: 507 daAuts
    D:10: 473 daAuts
 Ossuary: 245 daAuts
  Temple: 106 daAuts
